 Dungeon Crawl Stone Soup version 0.28.0-43-g3370ac3207 (console) character file.

Game seed: 7907721268713887243

41 Zeor the Sneak (level 3, 0/18 HPs)
             Began as a Vine Stalker Brigand on Mar 22, 2022.
             Succumbed to Robin's poison
             ... on level 2 of the Dungeon.
             The game lasted 00:03:06 (1137 turns).

Zeor the Sneak (Vine Stalker Brigand)               Turns: 1137, Time: 00:03:07

Health: 0/18       AC:  5    Str: 11 (13) XL:     3   Next: 52%
Magic:  2/4        EV: 12    Int: 10 (11) God:
Gold:   56         SH:  0    Dex: 16 (17) Spells: 2/2 levels left

rFire   . . .      SeeInvis .   a - +2 dagger
rCold   . . .      Faith    .   (no shield)
rNeg    . . .      Spirit   +   b - +0 robe
rPois   .          Reflect  .   (no helmet)
rElec   .          Harm     .   c - +0 cloak
rCorr   .          Rampage  .   (no gloves)
Will    .....                   i - +1 pair of boots
Stlth   +++.......              (no amulet)
HPRegen 0.06/turn               (no ring)
MPRegen 0.09/turn               (no ring)

@: lethally poisoned (0 -> -9)
A: fangs 2, magic shield, antimagic bite, no potion heal 2
a: no special abilities


You were on level 2 of the Dungeon.
You visited 1 branch of the dungeon, and saw 2 of its levels.

You collected 56 gold pieces.

Inventory:

Hand Weapons
 a - a +2 dagger (weapon)
Missiles
 d - 15 poisoned darts (quivered)
 e - 2 curare-tipped darts
 j - 6 sling bullets
Armour
 b - a +0 robe (worn)
 c - a +0 cloak (worn)
 i - a +1 pair of boots (worn)
Jewellery
 f - a ring of fire
Potions
 l - a potion of heal wounds {unknown}
 m - a potion of degeneration


   Skills:
 * Level 2.1 Fighting
 + Level 2.0 Short Blades
 + Level 1.7 Throwing
 + Level 1.0 Dodging
 + Level 6.0 Stealth


You had 2 spell levels left.
You didn't know any spells.
Your spell library was empty.

Dungeon Overview and Level Annotations

Branches:
Dungeon (2/15)

Altars:
Qazlal

Shops:
D:2 !

Annotations:
D:2 Robin


Innate Abilities, Weirdness & Mutations

You have extremely sharp teeth.
When hurt, damage is shared between your health and your magic reserves.
Your bite disrupts and absorbs the magic of your enemies.
Potions cannot restore your health.


Message History

Okay, then.
You closely miss the goblin. Your bite misses the goblin.
Robin completely misses you. The goblin hits you but does no damage.
You hit the goblin. You bite the goblin.
You kill the goblin!
Robin barely misses you.
Your Stealth skill increases to level 6!
Robin hits you with a +2 spear of venom.
You are poisoned.
Items here: )))))) ††††.
You barely miss Robin. You bite Robin. You drain their power.
You feel invigorated.
Robin is lightly wounded.
* * * LOW HITPOINT WARNING * * *
You feel sick.
Robin hits you with a +2 spear of venom.
* * * LOW HITPOINT WARNING * * *
You are more poisoned.
It was a potion of curing.
Your system rejects the healing.
You feel better.
Robin's horned helmet rattles.
Robin hits you but does no damage.
You hit Robin but do no damage. You bite Robin, but do no damage.
Robin is lightly wounded.
Robin hits you with a +2 spear of venom.
* * * LOW HITPOINT WARNING * * *
You are lethally poisoned!
Your system rejects the healing.
You feel better.
Robin says, "My goblins will feast on your bones."
Robin hits you but does no damage.
You hit Robin. You bite Robin. You drain their power.
You feel invigorated.
Robin is moderately wounded.
You hit Robin but do no damage.
Robin is moderately wounded.
Robin hits you with a +2 spear of venom.
* * * LOW HITPOINT WARNING * * *
You are lethally poisoned!
It was a potion of degeneration.
There was something very wrong with that liquid.
You feel weakened.
You feel dopey.
You feel clumsy.
You die... ∙∙▒▒▒▒▒∙▒▒▒▒▒▒ ▒▒▒▒∙∙∙∙∙∙▒ ∙∙∙∙∙∙∙∙∙∙∙<∙∙ ▒∙∙∙∙∙<▒ ∙∙▒▒▒▒∙∙▒▒▒▒▒∙ ▒∙∙ ∙∙∙∙∙∙∙∙∙∙∙∙∙∙

▒∙∙ ▒▒▒▒▒▒∙▒▒▒▒▒▒▒ ▒▒∙∙
▒ ▒∙▒ ▒∙∙ ▒▒▒▒▒▒∙▒ ▒)▒
▒▒∙)∙∙∙▒ ▒∙▒ ▒▒∙▒▒▒▒▒
▒▒f▒ ∙∙∙∙▒▒▒ ▒▒▒▒▒∙g∙▒
∙∙∙∙∙∙▒ ▒∙∙∙∙∙∙∙∙
∙∙†∙∙∙▒ ▒∙▒∙∙∙▒∙▒▒
∙∙∙∙∙∙▒▒▒▒∙∙▒∙▒∙∙▒
∙∙∙∙∙∙∙∙∙∙∙∙∙∩∙∙∙▒
∙∙∙∙∙>∙∙∙∙∙∙▒∙▒∙(▒
▒▒▒▒∙∙)∙∙∙∙▒∙∙∙▒∙∙∙∙∙∙∙∙
▒∙∙∙∙∙∙∙∙∙∙∙∙∙∙∙∙g∙g∙


You could see Robin.

Vanquished Creatures
  A worm (D:2)
  A ball python (D:2)
  An endoplasm (D:1)
  3 giant cockroaches (D:1)
  3 hobgoblins
  5 kobolds
  A quokka (D:2)
  2 bats (D:1)
  A frilled lizard (D:1)
  13 goblins
  A rat (D:2)
32 creatures vanquished.

Notes
Turn   | Place    | Note
-------+----------+-------------------------------------------
     0 | D:1      | Zeor the Vine Stalker Brigand began the quest for the Orb.
     0 | D:1      | Reached XP level 1. HP: 11/11 MP: 2/2
    76 | D:1      | Reached skill level 5 in Stealth
   286 | D:1      | Reached XP level 2. HP: 15/15 MP: 3/3
   296 | D:1      | Found a faded altar of an unknown god.
   976 | D:2      | Found a stormy altar of Qazlal.
  1030 | D:2      | Reached skill level 1 in Dodging
  1030 | D:2      | Reached XP level 3. HP: 18/18 MP: 4/4
  1078 | D:2      | Found Pimpiec's Distillery.
  1092 | D:2      | Noticed Robin
  1130 | D:2      | Reached skill level 6 in Stealth
  1137 | D:2      | Succumbed to Robin's poison

Illustrated notes

Levels and vault maps discovered:
D:1:      wheals_arrival_shading, layout_basic,
          ebering_ecumenical_altar_abandoned, minmay_misc_feat_rows,
          minmay_tromino_v7
D:2:      layout_rooms, serial_shops, nicolae_shop_advertising_works
          [nicolae_subvault_shop_adworks], basic_altar, uniq_crazy_yiuf_cottage,
          uniq_robin, uniq_sigmund

Skill      XL: |  1  2  3 |
---------------+----------+-----
Stealth        | 5 6 |  6.0
Fighting       | 2 |  2.1
Short Blades   | 2 |  2.0
Dodging        | 1 |  1.0
Throwing       | |  1.7

Action                   || total
-------------------------++-------
Melee: Dagger            ||    85
       Bite              ||    15
       Punch             ||     3
  Use: Scroll            ||     3
       Potion            ||     5
 Stab: Sleeping          ||     9
Armor: Robe              ||    18
       Skin              ||    25
Dodge: Dodged            ||    34
